PR
LONG ISLAND DUCKS @ HUDSONVILLE FLANDERSES
05/27/2042
 
TOP OF THE 1ST
Long Island Ducks batting - Pitching for Hudsonville Flanderses : RHP Robert Shirt
Pitching: RHP Robert Shirt
Batting: RHB George Samuels 0-0: Foul Ball, location: 2F
0-1: Ball
1-1: Swinging Strike
1-2: Ball
2-2: Strikes out swinging
Batting: RHB Shu-yaan Seema 0-0: Called Strike
0-1: Ball
1-1: Called Strike
1-2: Ball
2-2: Ball
3-2: Strikes out swinging
Batting: RHB Abdul Razzad Zaimukhes 0-0: Swinging Strike
0-1: Ball
1-1: Ground out 6-3 (Groundball, 56, EV 107.5 MPH)
Top of the 1st over - 0 runs, 0 hits, 0 errors, 0 left on base; Long Island 0 - Hudsonville 0
BOTTOM OF THE 1ST
Hudsonville Flanderses batting - Pitching for Long Island Ducks : RHP Jae-ho Kan
Pitching: RHP Jae-ho Kan
Batting: LHB Lasse Karsberg 0-0: Called Strike
0-1: Ball
1-1: SINGLE (Line Drive, 9LM, EV 94.4 MPH)
Batting: RHB Mike Marcus 0-0: Ball
1-0: Ball
2-0: Ball
3-0: Called Strike
3-1: Foul Ball, location: 2F
3-2: Foul Ball, location: 2F
3-2: Foul Ball, location: 2F
3-2: Foul Ball, location: 2F
3-2: Strikes out swinging
Batting: SHB Bailey Stuart 0-0: Ball
1-0: Fielders Choice at 2nd, 6-4 (Groundball, 6, EV 84.4 MPH)
Batting: RHB Patrick Gibbard 0-0: Called Strike
0-1: Ball
1-1: Called Strike
1-2: Ball
2-2: Strikes out swinging
Bottom of the 1st over - 0 runs, 1 hit, 0 errors, 1 left on base; Long Island 0 - Hudsonville 0
TOP OF THE 2ND
Long Island Ducks batting - Pitching for Hudsonville Flanderses : RHP Robert Shirt
Now in RF: Vonne Fajardo
Batting: LHB Michizane Yamashita 0-0: Ball
1-0: Called Strike
1-1: Ball
2-1: Called Strike
2-2: Fly out, F5 (Popup, 56, EV 66.9 MPH)
Batting: RHB Alfredo Torres 0-0: Ball
1-0: Swinging Strike
1-1: Foul Ball, location: 2F
1-2: Strikes out swinging
Batting: RHB Al Ruíz 0-0: Ball
1-0: Swinging Strike
1-1: Ball
2-1: Fly out, F7 (Flyball, 7D, EV 100.0 MPH)
Top of the 2nd over - 0 runs, 0 hits, 0 errors, 0 left on base; Long Island 0 - Hudsonville 0
BOTTOM OF THE 2ND
Hudsonville Flanderses batting - Pitching for Long Island Ducks : RHP Jae-ho Kan
Batting: LHB Victor de Bree 0-0: Foul Ball, location: 2F
0-1: Ball
1-1: Swinging Strike
1-2: Ball
2-2: Strikes out swinging
Batting: RHB Tony Mendoza 0-0: SINGLE (Line Drive, 9S, EV 95.6 MPH)
Batting: LHB Virgil Hughes 0-0: Foul Ball, location: 2F
0-1: Foul Ball, location: 2F
0-2: SINGLE (Groundball, 4MD, EV 98.1 MPH)
Tony Mendoza to second
Batting: RHB Danny McElroy 0-0: Called Strike
0-1: Ball
1-1: Ball
2-1: Foul Ball, location: 2F
2-2: Strikes out swinging
Batting: SHB Manuel Durán 0-0: Ball
1-0: Ball
2-0: Ball
3-0: Base on Balls
Tony Mendoza to third
Virgil Hughes to second
Batting: RHB Vonne Fajardo 0-0: Ground out U3 (Groundball, 34, EV 105.6 MPH)
Bottom of the 2nd over - 0 runs, 2 hits, 0 errors, 3 left on base; Long Island 0 - Hudsonville 0
TOP OF THE 3RD
Long Island Ducks batting - Pitching for Hudsonville Flanderses : RHP Robert Shirt
Batting: LHB Danny Stone 0-0: Ball
1-0: Ball
2-0: Ball
3-0: Called Strike
3-1: SINGLE (Groundball, 4MD, EV 105.0 MPH)
Batting: RHB Rob Fuller 0-0: Swinging Strike
0-1: Foul Ball, location: 2F
0-2: Ball
1-2: Ball
2-2: Strikes out swinging
Batting: RHB Tom Kelley 0-0: Ball
1-0: SINGLE (Groundball, 5S, EV 82.5 MPH) (infield hit)
Danny Stone to second
Batting: RHB George Samuels 0-0: Fly out, F9 (Flyball, 9LD, EV 95.0 MPH)
Runner from 2nd tags up, SAFE at 3rd, no throw by RF
Batting: RHB Shu-yaan Seema 0-0: Ball
1-0: Ball
2-0: Swinging Strike
2-1: Swinging Strike
2-2: Foul Ball, location: 2F
2-2: Strikes out swinging
Top of the 3rd over - 0 runs, 2 hits, 0 errors, 2 left on base; Long Island 0 - Hudsonville 0
BOTTOM OF THE 3RD
Hudsonville Flanderses batting - Pitching for Long Island Ducks : RHP Jae-ho Kan
Batting: RHB Mike Marcus 0-0: Ball
1-0: Called Strike
1-1: Foul Ball, location: 2F
1-2: Foul Ball, location: 2F
1-2: Foul Ball, location: 2F
1-2: Foul Ball, location: 2F
1-2: SINGLE (Groundball, 34, EV 89.4 MPH) (infield hit)
Batting: SHB Bailey Stuart 0-0: Fielders Choice at 2nd, 6-4 (Groundball, 6, EV 111.9 MPH)
Batting: RHB Patrick Gibbard 0-0: Called Strike
0-1: SINGLE (Flyball, 7S, EV 92.5 MPH)
Bailey Stuart to second
Batting: LHB Victor de Bree 0-0: Ball
1-0: Called Strike
1-1: Ball
2-1: Called Strike
2-2: Foul Ball, location: 2F
2-2: Foul Ball, location: 2F
2-2: Fly out, F8 (Flyball, 8RD, EV 108.8 MPH)
Batting: RHB Tony Mendoza 0-0: Ball
1-0: Called Strike
1-1: Swinging Strike
1-2: Strikes out looking
Bottom of the 3rd over - 0 runs, 2 hits, 0 errors, 2 left on base; Long Island 0 - Hudsonville 0
TOP OF THE 4TH
Long Island Ducks batting - Pitching for Hudsonville Flanderses : RHP Robert Shirt
Batting: RHB Abdul Razzad Zaimukhes 0-0: Called Strike
0-1: Called Strike
0-2: Ball
1-2: Strikes out swinging
Batting: LHB Michizane Yamashita 0-0: SINGLE (Flyball, 7LM, EV 87.5 MPH)
Batting: RHB Alfredo Torres 0-0: Called Strike
0-1: Fielders Choice at 2nd, 1-6 (Groundball, 34S, EV 85.6 MPH)
Batting: RHB Al Ruíz 0-0: Ball
1-0: Ball
2-0: Called Strike
2-1: Called Strike
2-2: Ball
3-2: Strikes out swinging
Top of the 4th over - 0 runs, 1 hit, 0 errors, 1 left on base; Long Island 0 - Hudsonville 0
BOTTOM OF THE 4TH
Hudsonville Flanderses batting - Pitching for Long Island Ducks : RHP Jae-ho Kan
Batting: LHB Virgil Hughes 0-0: Ball
1-0: Ball
2-0: TRIPLE (Flyball, 78XD, EV 94.4 MPH)
Batting: RHB Danny McElroy 0-0: 2-RUN HOME RUN (Flyball, 78XD, EV 111.2 MPH), Distance : 415 ft
Batting: SHB Manuel Durán 0-0: Ball
1-0: Called Strike
1-1: Ball
2-1: Swinging Strike
2-2: Ball
3-2: DOUBLE (Flyball, 89XD, EV 98.1 MPH)
Batting: RHB Vonne Fajardo 0-0: Foul Ball, location: 2F
0-1: Ball
1-1: Ball
2-1: Foul Ball, location: 2F
2-2: SINGLE (Groundball, 13S, EV 71.9 MPH) (infield hit)
Manuel Durán to third
Batting: RHB Mike Marcus 0-0: Ball
1-0: Swinging Strike
1-1: Ball
2-1: Ball
3-1: Foul Ball, location: 2F
3-2: Foul Ball, location: 2F
3-2: Foul Ball, location: 2F
3-2: Strikes out swinging
Batting: SHB Bailey Stuart 0-0: Called Strike
0-1: Called Strike
0-2: Fly out, F8 (Line Drive, 8LM, EV 95.0 MPH)
Runner from 3rd tags up, SCORES, no throw by CF
Batting: RHB Patrick Gibbard 0-0: Foul Ball, location: 2F
0-1: Ball
1-1: DOUBLE (Line Drive, 7LM, EV 108.1 MPH)
Vonne Fajardo to third
Batting: LHB Victor de Bree 0-0: 3-RUN HOME RUN (Flyball, 89XD, EV 95.6 MPH), Distance : 399 ft
Pitching: RHP Jerome Henderson
Batting: RHB Tony Mendoza 0-0: Called Strike
0-1: Fly out, F8 (Flyball, 8RM, EV 90.6 MPH)
Bottom of the 4th over - 6 runs, 6 hits, 0 errors, 0 left on base; Long Island 0 - Hudsonville 6
TOP OF THE 5TH
Long Island Ducks batting - Pitching for Hudsonville Flanderses : RHP Robert Shirt
Batting: LHB Danny Stone 0-0: Swinging Strike
0-1: Foul Ball, location: 2F
0-2: Ball
1-2: Strikes out looking
Batting: RHB Rob Fuller 0-0: Foul Ball, location: 2F
0-1: SINGLE (Groundball, 4MD, EV 105.0 MPH)
Batting: RHB Tom Kelley 0-0: Grounds into double play, 6-4-3 (Groundball, 6, EV 88.8 MPH)
Top of the 5th over - 0 runs, 1 hit, 0 errors, 0 left on base; Long Island 0 - Hudsonville 6
BOTTOM OF THE 5TH
Hudsonville Flanderses batting - Pitching for Long Island Ducks : RHP Jerome Henderson
Batting: LHB Virgil Hughes 0-0: Called Strike
0-1: Foul Ball, location: 2F
0-2: Ball
1-2: Ball
2-2: Ball
3-2: SINGLE (Groundball, 34D, EV 98.1 MPH)
Batting: RHB Danny McElroy 0-0: Foul Ball, location: 2F
0-1: Ball
1-1: Swinging Strike
1-2: Strikes out swinging
Batting: SHB Manuel Durán 0-0: Ball
1-0: Ball
2-0: Called Strike
2-1: Ball
3-1: Foul Ball, location: 2F
3-2: Base on Balls
Virgil Hughes to second
Batting: RHB Vonne Fajardo 0-0: Ball
1-0: Foul Ball, location: 2F
1-1: Foul Ball, location: 2F
1-2: Fielders Choice at 2nd, 6-4 (Groundball, 56, EV 90.0 MPH)
Virgil Hughes to third
Batting: RHB Mike Marcus 0-0: Called Strike
0-1: Ball
1-1: Ball
2-1: Foul Ball, location: 2F
2-2: Fielders Choice at 2nd, 6-4 (Groundball, 6, EV 94.4 MPH)
Bottom of the 5th over - 0 runs, 1 hit, 0 errors, 2 left on base; Long Island 0 - Hudsonville 6
TOP OF THE 6TH
Long Island Ducks batting - Pitching for Hudsonville Flanderses : RHP Robert Shirt
Batting: RHB George Samuels 0-0: Called Strike
0-1: Ball
1-1: Called Strike
1-2: Ball
2-2: Strikes out looking
Batting: RHB Shu-yaan Seema 0-0: Fly out, F8 (Flyball, 8LD, EV 87.5 MPH)
Batting: RHB Abdul Razzad Zaimukhes 0-0: Ball
1-0: Ball
2-0: Called Strike
2-1: Ball
3-1: Base on Balls
Batting: LHB Michizane Yamashita 0-0: Called Strike
0-1: Foul Ball, location: 2F
0-2: Ball
1-2: Strikes out looking
Top of the 6th over - 0 runs, 0 hits, 0 errors, 1 left on base; Long Island 0 - Hudsonville 6
BOTTOM OF THE 6TH
Hudsonville Flanderses batting - Pitching for Long Island Ducks : RHP Jerome Henderson
Batting: SHB Bailey Stuart 0-0: Called Strike
0-1: Called Strike
0-2: Foul Ball, location: 2F
0-2: Foul Ball, location: 2F
0-2: Strikes out swinging
Batting: RHB Patrick Gibbard 0-0: Ball
1-0: Ball
2-0: Hit by Pitch
Batting: LHB Victor de Bree 0-0: Foul Ball, location: 2F
0-1: Foul Ball, location: 2F
0-2: SINGLE (Groundball, 4MD, EV 103.8 MPH)
Patrick Gibbard to second
Runner from 2nd tries for 3rd, SAFE, no throw by CF
Batting: RHB Tony Mendoza 0-0: Called Strike
0-1: Foul Ball, location: 2F
0-2: Ball
1-2: Ball
2-2: Strikes out swinging
Batting: LHB Virgil Hughes 0-0: Called Strike
0-1: Ball
1-1: Ball
2-1: Ball
3-1: Called Strike
3-2: Foul Ball, location: 2F
3-2: Strikes out looking
Bottom of the 6th over - 0 runs, 1 hit, 0 errors, 2 left on base; Long Island 0 - Hudsonville 6
TOP OF THE 7TH
Long Island Ducks batting - Pitching for Hudsonville Flanderses : RHP Robert Shirt
Batting: RHB Alfredo Torres 0-0: Called Strike
0-1: Swinging Strike
0-2: Strikes out looking
Batting: RHB Al Ruíz 0-0: Ball
1-0: Ball
2-0: Called Strike
2-1: Foul Ball, location: 2F
2-2: Ball
3-2: Foul Ball, location: 2F
3-2: SINGLE (Groundball, 6MD, EV 100.0 MPH)
Batting: LHB Danny Stone 0-0: Called Strike
0-1: Ball
1-1: Foul Ball, location: 2F
1-2: Foul Ball, location: 2F
1-2: Ball
2-2: Ball
3-2: Strikes out swinging
Al Ruíz steals 2nd base
Batter strikes out.
Batting: RHB Rob Fuller 0-0: Swinging Strike
0-1: Foul Ball, location: 2F
0-2: Ball
1-2: Ball
2-2: Ball
3-2: SINGLE (Line Drive, 89S, EV 103.1 MPH)
Al Ruíz to third
Al Ruíz scores
Pitching: RHP Eitoku Tanaka
Batting: RHB Tom Kelley 0-0: Swinging Strike
0-1: Called Strike
0-2: Strikes out swinging
Top of the 7th over - 1 run, 2 hits, 0 errors, 1 left on base; Long Island 1 - Hudsonville 6
BOTTOM OF THE 7TH
Hudsonville Flanderses batting - Pitching for Long Island Ducks : RHP Jerome Henderson
Batting: RHB Danny McElroy 0-0: Foul Ball, location: 2F
0-1: Ground out 5-3 (Groundball, 56, EV 91.9 MPH)
Batting: SHB Manuel Durán 0-0: Ball
1-0: Ball
2-0: Ball
3-0: Called Strike
3-1: Swinging Strike
3-2: Fly out, F3 (Popup, 3, EV 58.8 MPH)
Batting: RHB Vonne Fajardo 0-0: Called Strike
0-1: Ground out 6-3 (Groundball, 6, EV 83.1 MPH)
Bottom of the 7th over - 0 runs, 0 hits, 0 errors, 0 left on base; Long Island 1 - Hudsonville 6
TOP OF THE 8TH
Long Island Ducks batting - Pitching for Hudsonville Flanderses : RHP Eitoku Tanaka
Batting: RHB George Samuels 0-0: Ball
1-0: Ball
2-0: Called Strike
2-1: Swinging Strike
2-2: Strikes out swinging
Batting: RHB Shu-yaan Seema 0-0: Ball
1-0: Foul Ball, location: 2F
1-1: Ball
2-1: Foul Ball, location: 2F
2-2: Ground out 4-3 (Groundball, 4, EV 85.0 MPH)
Batting: RHB Abdul Razzad Zaimukhes 0-0: Called Strike
0-1: Swinging Strike
0-2: Ground out 4-3 (Groundball, 34, EV 101.9 MPH)
Top of the 8th over - 0 runs, 0 hits, 0 errors, 0 left on base; Long Island 1 - Hudsonville 6
BOTTOM OF THE 8TH
Hudsonville Flanderses batting - Pitching for Long Island Ducks : RHP Jerome Henderson
Batting: RHB Mike Marcus 0-0: Hit by Pitch
Pitching: RHP Chris Rainville
Batting: SHB Bailey Stuart 0-0: Ball
1-0: Called Strike
1-1: Called Strike
1-2: Ball
2-2: Fly out, F7 (Flyball, 7S, EV 80.0 MPH)
Batting: RHB Patrick Gibbard 0-0: SINGLE (Groundball, 4MD, EV 101.2 MPH)
Mike Marcus to second
Mike Marcus to third
Batting: LHB Victor de Bree 0-0: Ball
1-0: Foul Ball, location: 2F
1-1: Hit by Pitch
Patrick Gibbard to second
Batting: RHB Tony Mendoza 0-0: Ball
1-0: SINGLE (Line Drive, 7S, EV 105.6 MPH)
Mike Marcus scores
Patrick Gibbard to third
Victor de Bree to second
Batting: LHB Virgil Hughes 0-0: Called Strike
0-1: Called Strike
0-2: Ball
1-2: Strikes out swinging
Batting: RHB Danny McElroy 0-0: Ball
1-0: Fly out, F9 (Flyball, 9S, EV 73.8 MPH)
Bottom of the 8th over - 1 run, 2 hits, 0 errors, 3 left on base; Long Island 1 - Hudsonville 7
TOP OF THE 9TH
Long Island Ducks batting - Pitching for Hudsonville Flanderses : RHP Eitoku Tanaka
Batting: LHB Michizane Yamashita 0-0: Called Strike
0-1: Ball
1-1: Fly out, F4 (Popup, 4, EV 73.8 MPH)
Batting: RHB Alfredo Torres 0-0: Called Strike
0-1: Swinging Strike
0-2: Strikes out looking
Batting: RHB Al Ruíz 0-0: Ball
1-0: Called Strike
1-1: Foul Ball, location: 2F
1-2: Strikes out swinging
Top of the 9th over - 0 runs, 0 hits, 0 errors, 0 left on base; Long Island 1 - Hudsonville 7
Friday, March 26th, 2021 - OOTP Baseball 20.8 Build 74